Map: Lerilak Crest

Players

wabbajack - Winner!

  • Race: Zerg Zerg
  • League: Gold

Pussyhunter

  • Race: Protoss Protoss
  • League: Grandmaster

VOD

Have the link to the VOD?

Description

Time

  • Played on: July 17, 2015, 3:04 p.m.
  • Length: 18:50
Show
View Real Time Build Order
Export as new Build Order

wabbajack Zerg - Winner!

Build Orders: Hatch First 

Get SALT Encoding   

  12  0:01  Drone  
  13  0:16  Overlord  
  13  0:19  Drone  
  14  0:25  Extractor  
  14  0:26  Drone  
  15  0:35  Drone  
  16  0:43  Drone  
  17  0:55  Hatchery  
  16  0:59  Drone  
  16  1:02  Extractor  
  16  1:06  Drone  
  17  1:17  Spawning Pool  
  16  1:21  Drone  
  17  1:31  Drone  
  18  1:45  Drone  
  18  1:46  Overlord  
  19  2:05  Queen  
  19  2:07  Queen  
  23  2:11  Drone  
  23  2:12  Drone x2  
  23  2:15  Zergling x2  
  27  2:24  Drone  
  27  2:28  Metabolic Boost  
  28  2:53  Overlord  
  28  3:00  Drone x2  
  28  3:02  Overlord x2  
  30  3:06  Pneumatized Carapace  
  30  3:10  Extractor  
  30  3:12  Drone  
  30  3:15  Drone x2  
  30  3:16  Drone  
  33  3:44  Spine Crawler x2  
  33  3:46  Drone x2, Spine Crawler  
  33  3:47  Drone x2  
  34  3:49  Zergling x10  
  39  4:08  Baneling Nest  
  38  4:17  Zergling x4  
  38  4:18  Zergling x6  
  38  4:19  Zergling x8  
  38  4:20  Zergling x4  
  49  4:28  Lair  
  46  4:49  Zergling x2  
  46  4:50  Zergling x16  
  39  5:16  Spore Crawler, Queen  
  39  5:17  Spore Crawler  
  39  5:21  Spore Crawler  
  38  5:28  Hydralisk Den  
  31  6:15  Drone x7  
  34  6:19  Drone  
  34  6:20  Drone x3  
  33  6:51  Hatchery  
  32  6:55  Spore Crawler  
  32  6:58  Spore Crawler x2, Drone  
  30  7:20  Drone x7  
  37  7:26  Lurker Den  
  37  7:43  Hydralisk x2  
  41  7:52  Extractor  
  41  7:53  Extractor  
  41  7:56  Drone x4  
  41  7:57  Drone  
  44  8:07  Baneling x3  
  44  8:08  Baneling  
  41  8:54  Roach Warren  
  40  8:59  Lurker x2  
  40  9:01  Zergling x26  
  40  9:02  Zergling x10  
  60  9:36  Evolution Chamber, Glial Reconstitution  
  60  9:38  Evolution Chamber, Hatchery, Muscular Augments  
  58  9:39  Overlord x2  
  58  9:41  Drone x3  
  59  10:03  Drone x2  
  59  10:04  Drone  
  59  10:05  Drone x4  
  66  10:07  Overlord  
  66  10:23  Zerg Missile Weapons Level 1, Zerg Ground Armor Level 1  
  66  10:30  Drone x2  
  68  10:40  Hydralisk  
  68  10:41  Hydralisk  
  68  10:42  Extractor  
  71  10:47  Extractor  
  69  10:55  Hydralisk  
  69  10:56  Hydralisk x3  
  71  11:25  Drone x3  
  69  11:39  Hatchery  
  66  11:42  Hatchery  
  58  11:57  Spire  
  55  12:39  Drone  
  55  12:40  Drone x3  
  55  12:41  Drone x3  
  55  12:42  Drone x6  
  55  12:43  Drone x6  
  55  12:44  Drone  
  75  12:50  Queen  
  77  12:52  Queen  
  77  12:55  Drone x4  
  83  13:02  Overlord  
  83  13:04  Zerg Missile Weapons Level 2  
  83  13:10  Zerg Flyer Weapons Level 1  
  83  13:16  Zerg Melee Weapons Level 1  
  83  13:34  Spore Crawler x2  
  82  13:37  Spine Crawler  
  82  13:39  Drone x3, Overlord  
  82  13:40  Overlord  
  83  13:46  Hydralisk x4, Roach  
  83  13:47  Roach x3  
  99  13:56  Zergling x2  
  99  13:57  Zergling x8  
  99  13:58  Zergling x2  
  99  13:59  Overlord  
  99  14:01  Zergling x4  
  107  14:25  Baneling  
  107  14:26  Baneling x15  
  107  14:30  Zergling x14  
  115  14:31  Zergling x2  
  115  14:39  Overlord x3  
  115  14:40  Overlord  
  115  14:43  Extractor  
  115  14:44  Drone x3  
  115  14:45  Drone x2, Extractor  
  118  14:48  Drone  
  119  14:55  Baneling  
  119  14:56  Baneling x13  
  119  14:57  Baneling  
  119  14:58  Baneling  
  119  15:01  Zergling x4  
  119  15:02  Zergling x2  
  119  15:05  Zergling x2  
  123  15:28  Spore Crawler, Drone  
  122  15:29  Drone x5  
  122  15:30  Drone x5, Spine Crawler  
  122  15:31  Drone x4  
  122  15:33  Drone  
  137  16:03  Zerg Flyer Weapons Level 2  
  137  16:04  Hatchery  
  137  16:07  Zerg Melee Weapons Level 2  
  137  16:08  Zerg Ground Armor Level 2  
  137  16:10  Overlord, Infestation Pit  
  135  16:12  Overlord  
  135  16:18  Lurker x3  
  138  16:19  Lurker x2  
  140  16:28  Roach x2  
  140  16:29  Roach x5  
  154  16:34  Overseer  
  154  16:35  Hatchery  
  153  17:14  Mutalisk  
  153  17:15  Mutalisk x6  
  167  17:17  Overlord x2  
  167  17:18  Overlord  
  167  17:24  Hive  
  167  17:49  Extractor  
  167  17:51  Extractor  
  165  17:52  Mutalisk x10  
  165  17:53  Mutalisk x7  
Show
View Real Time Build Order
Export as new Build Order

Pussyhunter Protoss 

Build Orders: Oracle Opening 

Get SALT Encoding   

  12  0:03  Probe  
  13  0:17  Pylon  
  13  0:18  Probe  
  14  0:30  Assimilator  
  14  0:35  Probe  
  15  0:45  Gateway  
  15  0:47  Probe  
  16  0:57  Pylon  
  16  0:59  Probe (Chrono Boost)  
  17  1:09  Probe (Chrono Boost)  
  18  1:16  Probe  
  19  1:19  Assimilator  
  19  1:28  Probe  
  20  1:40  Probe (Chrono Boost)  
  20  1:45  Cybernetics Core  
  21  1:52  Probe (Chrono Boost)  
  21  1:53  Zealot  
  24  2:02  Pylon  
  24  2:34  Gateway  
  24  2:35  Gateway  
  24  2:44  Stargate  
  24  2:47  Pylon  
  24  2:51  Probe  
  24  2:58  Stalker (Chrono Boost)  
  27  3:04  Mothership Core  
  29  3:08  Pylon  
  29  3:14  Warp Gate (Chrono Boost)  
  29  3:33  Pylon  
  29  3:35  Stalker  
  29  3:40  Oracle (Chrono Boost)  
  34  3:42  Probe  
  35  3:55  Probe, Adept  
  36  3:57  Adept  
  40  4:05  Forge  
  40  4:10  Pylon  
  40  4:13  Probe  
  41  4:33  Oracle (Chrono Boost)  
  34  5:06  Zealot x3  
  40  5:15  Oracle  
  40  5:39  Adept x3  
  35  6:04  Nexus  
  28  6:20  Probe (Chrono Boost)  
  28  6:29  Oracle  
  28  6:30  Probe (Chrono Boost)  
  32  6:37  Probe  
  33  6:45  Pylon  
  33  6:47  Adept x2  
  33  6:52  Adept  
  33  7:18  Probe (Chrono Boost)  
  35  7:26  Adept  
  35  7:28  Probe (Chrono Boost)  
  35  7:29  Probe (Chrono Boost)  
  38  7:35  Probe x2 (Chrono Boost)  
  40  7:38  Oracle  
  40  7:44  Zealot  
  45  7:48  Probe (Chrono Boost)  
  47  7:54  Probe (Chrono Boost)  
  48  8:00  Probe (Chrono Boost)  
  48  8:02  Stalker  
  50  8:06  Zealot  
  50  8:12  Probe (Chrono Boost)  
  54  8:22  Probe (Chrono Boost)  
  54  8:23  Probe (Chrono Boost)  
  39  8:42  Probe (Chrono Boost)  
  39  8:46  Probe (Chrono Boost)  
  41  8:53  Probe (Chrono Boost)  
  41  8:55  Probe (Chrono Boost)  
  43  9:02  Probe x2 (Chrono Boost)  
  45  9:13  Probe x2 (Chrono Boost)  
  45  9:16  Gateway  
  47  9:21  Probe (Chrono Boost)  
  47  9:22  Probe (Chrono Boost)  
  49  9:28  Probe  
  50  9:34  Oracle  
  53  9:43  Probe (Chrono Boost)  
  54  9:49  Probe (Chrono Boost)  
  56  9:54  Probe (Chrono Boost)  
  56  9:57  Probe (Chrono Boost)  
  57  10:00  Stalker x2  
  58  11:05  Stalker x2  
  58  11:06  Stalker x2  
  55  11:32  Zealot x4  
  45  11:42  Probe (Chrono Boost)  
  46  11:52  Probe (Chrono Boost)  
  47  11:57  Probe (Chrono Boost)  
  47  12:00  Probe (Chrono Boost)  
  49  12:02  Stalker x4  
  49  12:05  Probe (Chrono Boost)  
  58  12:12  Probe  
  18  12:39  Void Ray (Chrono Boost)  
  22  12:46  Stargate  
  22  12:50  Probe (Chrono Boost)  
  23  12:57  Probe (Chrono Boost)  
  24  13:01  Probe (Chrono Boost)  
  25  13:10  Probe (Chrono Boost)  
  26  13:25  Void Ray (Chrono Boost)  
  26  13:26  Probe x2 (Chrono Boost)  
  32  13:36  Probe (Chrono Boost)  
  32  13:37  Probe (Chrono Boost)  
  34  13:43  Void Ray (Chrono Boost)  
  34  13:48  Probe (Chrono Boost)  
  39  13:54  Probe (Chrono Boost)  
  40  13:59  Probe (Chrono Boost)  
  41  14:08  Void Ray (Chrono Boost)  
  45  14:10  Probe  
  46  14:22  Probe  
  51  14:38  Void Ray (Chrono Boost)  
  55  14:45  Void Ray (Chrono Boost)  
  55  14:50  Protoss Air Weapons Level 1 (Chrono Boost)  
  55  14:56  Assimilator  
  55  14:58  Probe (Chrono Boost)  
  55  14:59  Assimilator  
  57  15:08  Probe (Chrono Boost)  
  57  15:14  Nexus  
  61  15:24  Void Ray (Chrono Boost)  
  61  15:36  Void Ray (Chrono Boost)  
  65  15:44  Pylon  
  65  15:48  Pylon  
  65  15:50  Pylon  
  65  15:53  Probe  
  66  16:03  Void Ray (Chrono Boost)  
  70  16:08  Pylon  
  70  16:16  Probe  
  71  16:36  Probe, Protoss Air Armor Level 1 (Chrono Boost)  
  76  16:49  Probe, Void Ray (Chrono Boost)  
  77  16:57  Void Ray (Chrono Boost)  
  77  17:01  Mothership Core, Probe  
  84  17:13  Probe  
  85  17:18  Void Ray (Chrono Boost)  
  89  17:26  Probe  
  90  17:37  Fleet Beacon  
  90  17:38  Probe  
  91  17:49  Void Ray (Chrono Boost)  
  95  17:59  Assimilator  
  95  18:03  Assimilator  
  86  18:11  Probe (Chrono Boost)  
  86  18:21  Probe x3 (Chrono Boost)  
  82  18:27  Probe x2  
  82  18:28  Probe  
Tags
 
Add a new tag
Caveats
  • Supply blocks, unpowered buildings, or Contaminate may cause inaccurate times.
  • Supply counts are checked every 10 seconds.